 Dungeon Crawl Stone Soup version 0.31.0-11-ge490571c62 (webtiles) character file.

Game seed: 8004824025778026253

5583 KKCryptic the Cleaver (level 10, 0/92 HPs)
             Began as a Minotaur Fighter on Feb 10, 2024.
             Was an Elder of Makhleb.
             Slain by a fire elemental (4 damage)
             ... summoned by a deep elf pyromancer
             ... on level 9 of the Dungeon.
             The game lasted 00:24:23 (7677 turns).

KKCryptic the Cleaver (Minotaur Fighter)            Turns: 7677, Time: 00:24:25

Health: 0/92       AC: 15    Str: 26    XL:     10   Next: 44%
Magic:  13/13      EV:  8    Int:  5    God:    Makhleb [****..]
Gold:   176        SH:  5    Dex: 12    Spells: 9/9 levels left

rFire   + . .        x - +2 war axe (flame)
rCold   + + .        c - +0 buckler
rNeg    . . .        F - +2 chain mail {Will+}
rPois   +            (helmet restricted)
rElec   +            t - +2 cloak {rCorr}
rCorr   +            (no gloves)
SInv    +            (no boots)
Will    +....        E - amulet of the acrobat Stlth
                     w - ring of protection from cold
HPRegen 0.35/turn    D - ring of Nekhlubrotack {rPois Dex+3 SInv}
MPRegen 0.13/turn

%: acrobat
@: on fire, resistant, hasted, glowing, very quick
A: horns 2, retaliatory headbutt
a: Renounce Religion, Minor Destruction, Lesser Servant of Makhleb, Major
Destruction


You were on level 9 of the Dungeon.
You worshipped Makhleb.
Makhleb was greatly pleased with you.
You visited 2 branches of the dungeon, and saw 10 of its levels.

You collected 501 gold pieces.
You spent 325 gold pieces at shops.

Inventory:

Hand Weapons
 x - a +2 war axe of flaming (weapon)
Missiles
 h - 24 poisoned darts (quivered)
 r - 2 throwing nets
Armour
 c - a +0 buckler (worn)
 q - a +4 ring mail of cold resistance
 t - a +2 cloak of preservation (worn)
 F - a +2 chain mail of willpower (worn)
Jewellery
 w - a ring of protection from cold (left hand)
 y - a ring of flight
 D - the ring of Nekhlubrotack (right hand) {rPois Dex+3 SInv}
   (You bought it in a shop on level 7 of the Dungeon)

   [ring of see invisible]

   Dex+3:     It affects your dexterity (+3).
   rPois:     It protects you from poison SInv: It lets you see invisible.
 E - an amulet of the acrobat (around neck)
Wands
 d - a wand of mindburst (8)
 g - a wand of light (13)
 i - a wand of flame (27)
 p - a wand of charming (15)
 C - a wand of roots (8)
Scrolls
 b - a scroll of summoning
 e - 2 scrolls of revelation
 j - 3 scrolls of teleportation {unknown}
 l - a scroll of amnesia {unknown}
 m - a scroll of fear {unknown}
 o - 2 scrolls of fog {unknown}
 s - 2 scrolls of torment {unknown}
 u - 3 scrolls of acquirement {unknown}
 A - a scroll of poison {unknown}
 G - 2 scrolls of immolation {unknown}
Potions
 a - a potion of invisibility
 n - 5 potions of curing
 v - 3 potions of enlightenment
 z - a potion of might
 B - a potion of mutation {unknown}
 H - 2 potions of attraction {unknown}


   Skills:
 + Level 9.7 Fighting
 + Level 13.2 Axes
 + Level 6.0 Armour
 + Level 6.0 Shields
 - Level 6.0 Invocations


You had 9 spell levels left.
You didn't know any spells.
Your spell library contained the following spells:

 Spells                   Type           Power      Damage    Failure   Level
 Magic Dart               Conj           0%         1d3       96%         1
 Blink                    Tloc           0%         N/A       99%         2
 Cigotuvi's Dreadful Rot  Necr/Alch/Air  0%         N/A       99%         2
 Lesser Beckoning         Tloc           0%         N/A       99%         2
 Momentum Strike          Conj/Tloc      0%         3d8       99%         2
 Searing Ray              Conj           0%         2d4       99%         2
 Inner Flame              Hex/Fire       0%         N/A       100%        3
 Flame Wave               Conj/Fire      0%         2d4       100%        4
 Fulminant Prism          Conj/Alch      0%         3d5       100%        4
 Ignite Poison            Fire/Alch      0%         N/A       100%        4
 Sticky Flame             Fire/Alch      0%         2d4       100%        4
 Freezing Cloud           Conj/Ice/Air   0%         6-21      100%        5
 Summon Forest            Summ/Tloc      0%         N/A       100%        5
 Summon Mana Viper        Hex/Summ       0%         N/A       100%        5
 Summon Cactus Giant      Summ           0%         N/A       100%        6


Dungeon Overview and Level Annotations

Branches:
Dungeon (9/15)             Temple (1/1) D:5
   Lair: D:8-11         Orc: D:9-12

Altars:
Ashenzari
Cheibriados
Dithmenos
Fedhas
Gozag
Hepliaklqana
Kikubaaqudgha
Makhleb
Nemelex Xobeh
Okawaru
Qazlal
Sif Muna
Trog
Uskayaw
Vehumet
Wu Jian
Xom
Yredelemnul
Zin
The Shining One

Shops:
D:1 ?   D:7 =*

Annotations:
D:3 3 runed translucent doors, LoggersVIII's ghost, amateur OpEE


Innate Abilities, Weirdness & Mutations

You have a pair of horns on your head.
You reflexively headbutt those who attack you in melee.


Message History

The deep elf pyromancer hits you with a +0 long sword!
The fire elemental hits you. The fire elemental burns you! You resist.
You barely miss the deep elf pyromancer.
Your headbutt misses the deep elf pyromancer.
The deep elf pyromancer is almost dead.
You hit the fire elemental. The liquid fire burns you!
The deep elf pyromancer casts a spell at you.
The pyre arrow hits you.
You are even more covered in intense liquid fire!
The fire elemental hits you. The fire elemental burns you! You resist.
You completely miss the deep elf pyromancer.
The deep elf pyromancer is almost dead.
You barely miss the fire elemental. The liquid fire burns you!
* * * LOW HITPOINT WARNING * * *
The deep elf pyromancer points at you and mumbles some strange words.
The bolt of fire hits you! You resist.
* * * LOW HITPOINT WARNING * * *
The bolt of fire hits the fire elemental.
The fire elemental completely resists.
The fire elemental hits you.
* * * LOW HITPOINT WARNING * * *
The fire elemental burns you! You resist.
* * * LOW HITPOINT WARNING * * *
Okay, then.
Okay, then.
Okay, then.
You feel better. The liquid fire burns you!
* * * LOW HITPOINT WARNING * * *
The fire elemental hits you. The fire elemental burns you! You resist.
* * * LOW HITPOINT WARNING * * *
The deep elf pyromancer gestures wildly while chanting.
You feel yourself speed up. The liquid fire burns you!
* * * LOW HITPOINT WARNING * * *
The fire elemental barely misses you.
The deep elf pyromancer completely misses you.
The fire elemental hits you. The fire elemental burns you! You resist.
You die...

*********** * *,,,,,,,,,*
######### ** *,,,,,,,,,*
#.......# ###
,***,,,,,,,,>*
#.......#####..
,,,+,,,,,*****
#####...'..##.. ****,,,,,*
#######*** #...##.....
*,,,,,* #[['E.+,,*
#...#####.. *,,,,,*
####'@###* #?..# ### *
****#+####....e.####...#
########.##.'.○.E○.'.##'###
.#######.####....○.####.#
+#######.####......####.#
.z######.##.'.○..○.'.####
..######.####......###*###
.z######.######'[######..#
..######)......).........#


You could see a deep elf pyromancer and 2 fire elementals.

Vanquished Creatures
  A two-headed ogre (D:8)
  Maggie (D:6)
  A troll (D:9)
  Prince Ribbit (D:6)
  Sigmund (D:5)
  5 yaks (D:8)
  3 steam dragons
  3 vampire mosquitoes (D:9)
  Menkaure (D:7)
  Edmund (D:6)
  2 water moccasins
  An orc warrior (D:7)
  A swamp drake (D:9)
  2 black bears
  An ice beast (D:5)
  A sky beast (D:6)
  3 ogres
  A centaur (D:7)
  2 kobold brigands
  2 bullfrogs (D:7)
  4 killer bees (D:7)
  A howler monkey (D:6)
  A crimson imp (D:9)
  2 bombardier beetles (D:5)
  A jelly (D:6)
  An orc priest (D:6)
  3 hounds
  Crazy Yiuf (D:2)
  Ijyb (D:3)
  An iron imp (D:9)
  6 iguanas
  6 orc wizards
  Robin (D:4)
  4 gnolls (D:3)
  5 adders
  2 shadow imps
  2 white imps
  A dart slug (D:3)
  26 orcs
  3 bats
  7 endoplasms
  A giant cockroach (D:2)
  17 goblins
  5 hobgoblins
  7 jackals
  14 kobolds
  2 quokkas
  6 ball pythons
  3 frilled lizards
  3 rats
171 creatures vanquished.

Notes
Turn   | Place    | Note
-------+----------+-------------------------------------------
     0 | D:1      | KKCryptic the Minotaur Fighter began the quest for the Orb.
     0 | D:1      | Reached XP level 1. HP: 19/19 MP: 0/0
    49 | D:1      | Found a faded altar of an unknown god.
    58 | D:1      | Prayed at the altar of an unknown god.
    58 | D:1      | Became a worshipper of Makhleb the Destroyer
    58 | D:1      | Reached * piety under Makhleb
    82 | D:1      | Reached skill level 3 in Axes
   230 | D:1      | Reached XP level 2. HP: 26/26 MP: 1/1
   378 | D:1      | Found Iqousch's Magic Scroll Shop.
   798 | D:2      | Reached skill level 4 in Axes
   870 | D:2      | Found a runed translucent door.
   871 | D:2      | Noticed Crazy Yiuf
   879 | D:2      | Killed Crazy Yiuf
   880 | D:2      | Reached XP level 3. HP: 8/31 MP: 2/2
  1704 | D:3      | Noticed Ijyb
  1737 | D:3      | Killed Ijyb
  1738 | D:3      | Reached skill level 5 in Axes
  1738 | D:3      | Reached XP level 4. HP: 28/39 MP: 3/3
  1877 | D:3      | Identified the +0 ring mail of Whack-A-Mole {Int+3 Dex+3
                  | Stlth+}
  1898 | D:3      | Found a runed translucent gate.
  1899 | D:3      | Found a runed translucent gate.
  1899 | D:3      | Identified the +9 mace of the Sea {elec, rC+ rCorr Dex+2}
  1899 | D:3      | Noticed LoggersVIII's ghost (amateur OpEE)
  1900 | D:3      | Found a runed translucent gate.
  2078 | D:3      | Reached ** piety under Makhleb
  2088 | D:3      | Reached skill level 6 in Axes
  2208 | D:3      | Reached XP level 5. HP: 41/45 MP: 4/4
  2632 | D:4      | Found a burning altar of Makhleb.
  2854 | D:4      | Noticed Robin
  2865 | D:4      | Killed Robin
  2866 | D:4      | Reached skill level 7 in Axes
  2911 | D:4      | You fall into a shaft and drop 2 floors!
  2915 | D:5      | Entered Level 5 of the Dungeon
  2920 | D:5      | Noticed a black bear
  2932 | D:5      | Killed a black bear
  2933 | D:5      | Reached XP level 6. HP: 51/51 MP: 5/5
  2972 | D:5      | Noticed Sigmund
  2980 | D:5      | Killed Sigmund
  2981 | D:5      | Reached skill level 8 in Axes
  3052 | D:5      | Reached skill level 9 in Axes
  3097 | D:5      | Found an iron altar of Okawaru.
  3132 | D:5      | Noticed an ice beast
  3140 | D:5      | Killed an ice beast
  3141 | D:5      | Reached XP level 7. HP: 57/57 MP: 6/6
  3667 | D:4      | Reached skill level 10 in Axes
  4065 | D:5      | Reached skill level 1 in Invocations
  4307 | D:5      | Found a staircase to the Ecumenical Temple.
  4313 | Temple   | Entered the Ecumenical Temple
  4521 | D:6      | Noticed Edmund
  4528 | D:6      | Killed Edmund
  4558 | D:6      | Noticed a steam dragon
  4566 | D:6      | Reached XP level 8. HP: 52/67 MP: 8/8
  4570 | D:6      | Reached skill level 5 in Fighting
  4572 | D:6      | Noticed Maggie
  4576 | D:6      | Killed Maggie
  4576 | D:6      | Reached *** piety under Makhleb
  4577 | D:6      | Reached skill level 11 in Axes
  4878 | D:6      | Found an ancient bone altar of Kikubaaqudgha.
  4906 | D:6      | Noticed Prince Ribbit
  4929 | D:6      | Killed Prince Ribbit
  5418 | D:7      | Reached XP level 9. HP: 77/79 MP: 11/11
  5695 | D:7      | Reached skill level 5 in Invocations
  5767 | D:7      | Found Rataicw's Jewellery Shop.
  5838 | D:7      | Bought the ring of Nekhlubrotack {rPois Dex+3 SInv} for 325
                  | gold pieces
  5987 | D:7      | Noticed Menkaure
  5991 | D:7      | Killed Menkaure
  6166 | D:7      | Found a bloodstained altar of Trog.
  6342 | D:7      | Reached skill level 12 in Axes
  6471 | D:7      | Found Maaviux's Lightly-Used Armoury.
  6843 | D:8      | Noticed a two-headed ogre
  6848 | D:8      | Killed a two-headed ogre
  6849 | D:8      | Reached skill level 5 in Armour
  6849 | D:8      | Reached skill level 5 in Shields
  6849 | D:8      | Reached XP level 10. HP: 88/91 MP: 13/13
  7163 | D:9      | Reached **** piety under Makhleb
  7320 | D:9      | Reached skill level 13 in Axes
  7662 | D:9      | Noticed a deep elf pyromancer
  7677 | D:9      | HP: 4/92 [burnt (1)]
  7677 | D:9      | Slain by a fire elemental

Illustrated notes

Levels and vault maps discovered:
D:1:      minmay_arrival_jagged, layout_loops_cross, serial_shops, shop,
          basic_ecumenical_altar
D:2:      layout_basic, uniq_crazy_yiuf_cottage
D:3:      layout_loops_ring, biasface_ghost_orc_armoury, uniq_ijyb
D:4:      layout_gridville, bloody_makhleb, nicolae_underground_beach,
          uniq_robin
D:5:      layout_basic, nicolae_overflow_crystal_walls,
          minmay_temple_entry_enclosed_plants, minmay_misc_feat_diagonals,
          uniq_sigmund
D:6:      layout_rooms, lemuel_coloured_pillars_altar,
          kennysheep_generic_room_2, uniq_prince_ribbit1, uniq_edmund,
          uniq_maggie
D:7:      layout_basic, trog_three_pillars_becter, serial_shops,
          nicolae_shop_advertising_works [nicolae_subvault_shop_adworks],
          minmay_shop_damaged, kennysheep_generic_room_13, uniq_menkaure
D:8:      layout_basic
D:9:      layout_roguey, hangedman_minor_magic
Temple:   eino_temple_rhombus

Skill      XL: |  1  2  3  4  5  6  7  8  9 10 |
---------------+-------------------------------+-----
Axes           | 3 4 5 6 7 9 10 11 12 13 | 13.2
Fighting       | 4 7 9 |  9.7
Invocations    | 2 4 6 |  6.0
Armour         | 5 6 |  6.0
Shields        | 5 6 |  6.0

Action                     |  1- 3 |  4- 6 |  7- 9 | 10-12 || total
---------------------------+-------+-------+-------+-------++-------
  Melee: War axe           |    74 |    87 |   182 |    78 ||   421
         Headbutt          |     8 |    16 |    30 |     9 ||    63
  Throw: Dart              |       |       |     9 |     4 ||    13
    Use: Scroll            |       |     4 |     4 |     1 ||     9
         Potion            |       |     2 |     1 |     3 ||     6
 Armour: Scale mail        |    61 |       |       |       ||    61
         Ring mail         |       |    51 |    75 |       ||   126
         Chain mail        |       |       |    27 |    63 ||    90
  Dodge: Dodged            |    21 |    46 |    73 |    25 ||   165
  Block: Buckler           |    15 |    20 |    34 |    10 ||    79
